SA
LAREDO HAWKS @ DELAWARE 1787 BC
07/02/2042
 
TOP OF THE 1ST
Laredo Hawks batting - Pitching for Delaware 1787 BC : RHP Rémy Moreau
Pitching: RHP Rémy Moreau
Batting: RHB Victor Jensen 0-0: Called Strike
0-1: Ground out 6-3 (Groundball, 6, EV 107.5 MPH)
Batting: LHB Kalino Iolana 0-0: Called Strike
0-1: Ball
1-1: Ball
2-1: Ground out 3-1 (Groundball, 34, EV 87.5 MPH)
Batting: RHB Woody Maxwell 0-0: Swinging Strike
0-1: Ball
1-1: Foul Ball, location: 2F
1-2: Strikes out swinging
Top of the 1st over - 0 runs, 0 hits, 0 errors, 0 left on base; Laredo 0 - Delaware 0
BOTTOM OF THE 1ST
Delaware 1787 BC batting - Pitching for Laredo Hawks : RHP Gavriil Wolfson
Pitching: RHP Gavriil Wolfson
Batting: RHB Ryan Dodson 0-0: Called Strike
0-1: Ball
1-1: Ball
2-1: Ball
3-1: Foul Ball, location: 2F
3-2: Strikes out looking
Batting: LHB Luis Concepción 0-0: Called Strike
0-1: Ball
1-1: Ball
2-1: Fly out, F7 (Flyball, 7, EV 78.1 MPH)
Batting: RHB Mhelter Tejano 0-0: Ball
1-0: Ground out 4-3 (Groundball, 4, EV 80.0 MPH)
Bottom of the 1st over - 0 runs, 0 hits, 0 errors, 0 left on base; Laredo 0 - Delaware 0
TOP OF THE 2ND
Laredo Hawks batting - Pitching for Delaware 1787 BC : RHP Rémy Moreau
Batting: RHB Neung-uk Yi 0-0: Ball
1-0: Called Strike
1-1: Called Strike
1-2: Ball
2-2: Ball
3-2: Ground out 6-3 (Groundball, 56, EV 83.8 MPH)
Batting: LHB Scott Beavis 0-0: Swinging Strike
0-1: Fly out, F8 (Flyball, 8RXD, EV 91.9 MPH)
Batting: RHB Steve Turner 0-0: Ball
1-0: Called Strike
1-1: Called Strike
1-2: Strikes out swinging
Top of the 2nd over - 0 runs, 0 hits, 0 errors, 0 left on base; Laredo 0 - Delaware 0
BOTTOM OF THE 2ND
Delaware 1787 BC batting - Pitching for Laredo Hawks : RHP Gavriil Wolfson
Batting: RHB Eduardo Lucciardi 0-0: Ball
1-0: Ground out 6-3 (Groundball, 6, EV 86.9 MPH)
Batting: LHB Chandler Schroeder 0-0: Ball
1-0: SINGLE (Line Drive, 7S, EV 93.1 MPH)
Batting: RHB Justin Schock 0-0: Ball
1-0: Called Strike
1-1: Fielders Choice at 2nd, 4-6 (Groundball, 4, EV 101.9 MPH)
Batting: RHB Mike Williams 0-0: Foul Ball, location: 2F
0-1: Foul Ball, location: 2F
0-2: Foul Ball, location: 2F
0-2: Foul Ball, location: 2F
0-2: SINGLE (Groundball, 56D, EV 93.8 MPH)
Justin Schock to second
Batting: RHB Julián Zambrano 0-0: Called Strike
0-1: Foul Ball, location: 2F
0-2: Foul Ball, location: 2F
0-2: Foul Ball, location: 2F
0-2: Ball
1-2: Ball
2-2: Fly out, F9 (Flyball, 9LSF, EV 88.8 MPH)
Bottom of the 2nd over - 0 runs, 2 hits, 0 errors, 2 left on base; Laredo 0 - Delaware 0
TOP OF THE 3RD
Laredo Hawks batting - Pitching for Delaware 1787 BC : RHP Rémy Moreau
Batting: LHB George McLean 0-0: Ball
1-0: Swinging Strike
1-1: Ball
2-1: Ball
3-1: Foul Ball, location: 2F
3-2: Foul Ball, location: 2F
3-2: Foul Ball, location: 2F
3-2: Fly out, F8 (Flyball, 8LM, EV 95.6 MPH)
Batting: RHB Lynn Medlen 0-0: Called Strike
0-1: Ball
1-1: Foul Ball, location: 2F
1-2: Strikes out looking
Batting: RHB Ángel Sánchez 0-0: Called Strike
0-1: Called Strike
0-2: Ball
1-2: Foul Ball, location: 2F
1-2: Foul Ball, location: 2F
1-2: Strikes out swinging
Top of the 3rd over - 0 runs, 0 hits, 0 errors, 0 left on base; Laredo 0 - Delaware 0
BOTTOM OF THE 3RD
Delaware 1787 BC batting - Pitching for Laredo Hawks : RHP Gavriil Wolfson
Batting: LHB Brian Webb 0-0: Ball
1-0: Foul Ball, location: 2F
1-1: Ball
2-1: Foul Ball, location: 2F
2-2: Foul Ball, location: 2F
2-2: Strikes out swinging
Batting: RHB Ryan Dodson 0-0: Fly out, F9 (Flyball, 9LSF, EV 77.5 MPH)
Batting: LHB Luis Concepción 0-0: Ground out 1-3 (Groundball, 34S, EV 71.9 MPH)
Bottom of the 3rd over - 0 runs, 0 hits, 0 errors, 0 left on base; Laredo 0 - Delaware 0
TOP OF THE 4TH
Laredo Hawks batting - Pitching for Delaware 1787 BC : RHP Rémy Moreau
Batting: RHB Victor Jensen 0-0: Swinging Strike
0-1: Ball
1-1: Ball
2-1: Swinging Strike
2-2: Foul Ball, location: 2F
2-2: Foul Ball, location: 2F
2-2: Strikes out swinging
Batting: LHB Kalino Iolana 0-0: Ball
1-0: Called Strike
1-1: Ball
2-1: Foul Ball, location: 2F
2-2: Foul Ball, location: 2F
2-2: Ball
3-2: Base on Balls
Batting: RHB Woody Maxwell 0-0: Ball
1-0: Foul Ball, location: 2F
1-1: Swinging Strike
1-2: Strikes out swinging
Batting: RHB Neung-uk Yi 0-0: Ball
1-0: Fly out, F5 (Popup, 5S, EV 84.4 MPH)
Top of the 4th over - 0 runs, 0 hits, 0 errors, 1 left on base; Laredo 0 - Delaware 0
BOTTOM OF THE 4TH
Delaware 1787 BC batting - Pitching for Laredo Hawks : RHP Gavriil Wolfson
Batting: RHB Mhelter Tejano 0-0: Fly out, F8 (Line Drive, 8RM, EV 94.4 MPH)
Batting: RHB Eduardo Lucciardi 0-0: Called Strike
0-1: Ground out 6-3 (Groundball, 6, EV 79.4 MPH)
Batting: LHB Chandler Schroeder 0-0: Ball
1-0: Ball
2-0: Ball
3-0: Called Strike
3-1: Foul Ball, location: 2F
3-2: Foul Ball, location: 2F
3-2: Base on Balls
Batting: RHB Justin Schock 0-0: Swinging Strike
0-1: Foul Ball, location: 2F
0-2: Ball
1-2: Strikes out swinging
Bottom of the 4th over - 0 runs, 0 hits, 0 errors, 1 left on base; Laredo 0 - Delaware 0
TOP OF THE 5TH
Laredo Hawks batting - Pitching for Delaware 1787 BC : RHP Rémy Moreau
Batting: LHB Scott Beavis 0-0: Ball
1-0: SINGLE (Line Drive, 7S, EV 103.8 MPH)
Batting: RHB Steve Turner 0-0: Ball
1-0: SINGLE (Line Drive, 78M, EV 98.8 MPH)
Scott Beavis to second
Batting: LHB George McLean 0-0: Bunted foul
0-1: Bunted foul
0-2: Ball
1-2: Ball
2-2: Foul Ball, location: 2F
2-2: Ball
3-2: Ground out 4-3 (Groundball, 4S, EV 85.6 MPH)
Scott Beavis to third
Steve Turner to second
Batting: RHB Lynn Medlen 0-0: Called Strike
0-1: Ball
1-1: Swinging Strike
1-2: Strikes out swinging
Batting: RHB Ángel Sánchez 0-0: Foul Ball, location: 2F
0-1: Ball
1-1: Swinging Strike
1-2: Strikes out looking
Top of the 5th over - 0 runs, 2 hits, 0 errors, 2 left on base; Laredo 0 - Delaware 0
BOTTOM OF THE 5TH
Delaware 1787 BC batting - Pitching for Laredo Hawks : RHP Gavriil Wolfson
Batting: RHB Mike Williams 0-0: Fly out, F8 (Flyball, 8LM, EV 83.8 MPH)
Batting: RHB Julián Zambrano 0-0: Called Strike
0-1: Ball
1-1: Ball
2-1: Ball
3-1: Foul Ball, location: 2F
3-2: Base on Balls
Batting: LHB Brian Webb 0-0: Ball
1-0: Called Strike
1-1: Foul Ball, location: 2F
1-2: Ball
Wild Pitch!
Julián Zambrano to second
2-2: Foul Ball, location: 2F
2-2: Ball
3-2: Foul Ball, location: 2F
3-2: Base on Balls
Batting: RHB Ryan Dodson 0-0: Called Strike
0-1: Grounds into double play, 5-4-3 (Groundball, 5S, EV 90.0 MPH)
Bottom of the 5th over - 0 runs, 0 hits, 0 errors, 1 left on base; Laredo 0 - Delaware 0
TOP OF THE 6TH
Laredo Hawks batting - Pitching for Delaware 1787 BC : RHP Rémy Moreau
Batting: RHB Victor Jensen 0-0: Called Strike
0-1: SINGLE (Line Drive, 4MD, EV 102.5 MPH)
Batting: LHB Kalino Iolana 0-0: Sac Bunt to P - play at first, batter safe!
Victor Jensen to second
Batting: RHB Woody Maxwell 0-0: Swinging Strike
0-1: Fly out, F8 (Flyball, 8LM, EV 86.2 MPH)
Batting: RHB Neung-uk Yi 0-0: Ball
1-0: Called Strike
1-1: Swinging Strike
1-2: Fly out, F6 (Popup, 6S, EV 71.9 MPH)
Batting: LHB Scott Beavis 0-0: Swinging Strike
0-1: Foul Ball, location: 2F
0-2: Foul Ball, location: 2F
0-2: Ball
Passed Ball!
Victor Jensen to third
Kalino Iolana to second
1-2: SINGLE (Line Drive, 8RS, EV 87.5 MPH)
Victor Jensen scores
Kalino Iolana to third
Runner from 3rd tries for Home, SAFE, throw by CF to home
Batting: RHB Steve Turner 0-0: Called Strike
0-1: Foul Ball, location: 2F
0-2: Ball
1-2: Strikes out looking
Top of the 6th over - 2 runs, 3 hits, 0 errors, 1 left on base; Laredo 2 - Delaware 0
BOTTOM OF THE 6TH
Delaware 1787 BC batting - Pitching for Laredo Hawks : RHP Gavriil Wolfson
Batting: LHB Luis Concepción 0-0: Fly out, F8 (Flyball, 8LD, EV 108.8 MPH)
Batting: RHB Mhelter Tejano 0-0: Ball
1-0: Foul Ball, location: 2F
1-1: Swinging Strike
1-2: Ball
2-2: Ball
3-2: Foul Ball, location: 2F
3-2: Strikes out looking
Batting: RHB Eduardo Lucciardi 0-0: Ball
1-0: Ball
2-0: SOLO HOME RUN (Flyball, 7D, EV 103.8 MPH), Distance : 356 ft
Batting: LHB Chandler Schroeder 0-0: Called Strike
0-1: Foul Ball, location: 2F
0-2: Strikes out looking
Bottom of the 6th over - 1 run, 1 hit, 0 errors, 0 left on base; Laredo 2 - Delaware 1
TOP OF THE 7TH
Laredo Hawks batting - Pitching for Delaware 1787 BC : RHP Rémy Moreau
Batting: LHB George McLean 0-0: Ball
1-0: Ball
2-0: Ground out 5-3 (Groundball, 56S, EV 85.6 MPH)
Batting: RHB Lynn Medlen 0-0: Ball
1-0: Ball
2-0: SINGLE (Groundball, 56D, EV 101.2 MPH)
Pitching: RHP Ron Plummer
Batting: RHB Ángel Sánchez 0-0: Called Strike
0-1: Called Strike
0-2: Strikes out swinging
Batting: RHB Victor Jensen 0-0: Ball
1-0: Called Strike
1-1: Called Strike
1-2: Ball
Lynn Medlen steals 2nd base
2-2: Ball
3-2: Foul Ball, location: 2F
3-2: Strikes out looking
Top of the 7th over - 0 runs, 1 hit, 0 errors, 1 left on base; Laredo 2 - Delaware 1
BOTTOM OF THE 7TH
Delaware 1787 BC batting - Pitching for Laredo Hawks : RHP Gavriil Wolfson
Batting: RHB Justin Schock 0-0: Ball
1-0: Foul Ball, location: 2F
1-1: Called Strike
1-2: Ball
2-2: Strikes out swinging
Pitching: RHP Bill Gould
Batting: RHB Mike Williams 0-0: Ball
1-0: Foul Ball, location: 2F
1-1: Swinging Strike
1-2: Ball
2-2: Ball
3-2: DOUBLE (Flyball, 8RXD, EV 96.9 MPH)
Pinch Hitting: LHB Keith Nash 0-0: Ball
1-0: Ball
2-0: Swinging Strike
2-1: Ball
3-1: Called Strike
3-2: Base on Balls
Pinch Hitting: LHB Taylor Culshaw 0-0: Swinging Strike
0-1: Swinging Strike
0-2: Strikes out swinging
Batting: RHB Ryan Dodson 0-0: Ball
1-0: SINGLE (Groundball, 34D, EV 99.4 MPH)
Mike Williams to third
Keith Nash to second
Runner from 3rd tries for Home, SAFE, throw by RF to home
Batting: LHB Luis Concepción 0-0: Called Strike
0-1: Called Strike
0-2: Ball
1-2: Ball
2-2: Foul Ball, location: 2F
2-2: Ball
3-2: Base on Balls
Keith Nash to third
Ryan Dodson to second
Batting: RHB Mhelter Tejano 0-0: TRIPLE (Line Drive, 9LD, EV 102.5 MPH)
Keith Nash scores
Ryan Dodson scores
Luis Concepción scores
Pitching: RHP Darrel Thomas
Batting: RHB Eduardo Lucciardi 0-0: Fly out, F9 (Flyball, 9LD, EV 105.6 MPH)
Bottom of the 7th over - 4 runs, 3 hits, 0 errors, 1 left on base; Laredo 2 - Delaware 5
TOP OF THE 8TH
Laredo Hawks batting - Pitching for Delaware 1787 BC : RHP Ron Plummer
Now at 2B: Yuk Cong
Now in CF: Gabriel López
Now in RF: Steve Wheeler
Batting: LHB Kalino Iolana 0-0: Ground out 5-3 (Groundball, 5, EV 78.1 MPH)
Batting: RHB Woody Maxwell 0-0: Foul Ball, location: 2F
0-1: Ball
1-1: Fly out, F4 (Popup, 23, EV 85.0 MPH)
Batting: RHB Neung-uk Yi 0-0: Called Strike
0-1: Ball
1-1: Ground out 5-3 (Groundball, 5S, EV 61.2 MPH)
Top of the 8th over - 0 runs, 0 hits, 0 errors, 0 left on base; Laredo 2 - Delaware 5
BOTTOM OF THE 8TH
Delaware 1787 BC batting - Pitching for Laredo Hawks : RHP Darrel Thomas
Batting: LHB Chandler Schroeder 0-0: Ball
1-0: Ball
2-0: Ball
3-0: Called Strike
3-1: Base on Balls
Batting: RHB Justin Schock 0-0: Ball
1-0: Foul Ball, location: 2F
1-1: Ball
2-1: Bunted foul
2-2: Ball
3-2: Strikes out swinging
Chandler Schroeder is caught stealing 2nd base 2-4
Batter strikes out.
Batting: RHB Mike Williams 0-0: Ball
1-0: Ball
2-0: Ball
3-0: Called Strike
3-1: Foul Ball, location: 2F
3-2: Reached on error, E6 (Groundball, 6, EV 102.5 MPH)
Batting: LHB Steve Wheeler 0-0: Swinging Strike
0-1: Ground out U3 (Groundball, 3, EV 103.1 MPH)
Bottom of the 8th over - 0 runs, 0 hits, 1 error, 1 left on base; Laredo 2 - Delaware 5
TOP OF THE 9TH
Laredo Hawks batting - Pitching for Delaware 1787 BC : RHP Ron Plummer
Pitching: RHP Francisco Díaz
Batting: LHB Scott Beavis 0-0: Called Strike
0-1: Fly out, F8 (Flyball, 8LXD, EV 101.9 MPH)
Batting: RHB Steve Turner 0-0: Called Strike
0-1: Foul Ball, location: 2F
0-2: Ball
1-2: Strikes out swinging
Batting: LHB George McLean 0-0: Called Strike
0-1: Ball
1-1: SINGLE (Groundball, 4MD, EV 101.2 MPH)
Batting: RHB Lynn Medlen 0-0: Foul Ball, location: 2F
0-1: Swinging Strike
0-2: Strikes out looking
Top of the 9th over - 0 runs, 1 hit, 0 errors, 1 left on base; Laredo 2 - Delaware 5
Friday, March 26th, 2021 - OOTP Baseball 20.8 Build 74